 Dungeon Crawl Stone Soup version 0.30.0-30-g96aa6591b8 (webtiles) character file.

Game seed: 16710334698941936513

9 GeoRichter the Trooper (level 2, 6/48 HPs)
             Began as an Ogre Berserker on June 26, 2023.
             Was a Follower of Trog.
             Quit the game on level 1 of the Dungeon.
             The game lasted 00:00:38 (136 turns).

GeoRichter the Trooper (Ogre Berserker)              Turns: 136, Time: 00:00:38

Health: 6/48       AC:  3    Str: 20    XL:     2   Next: 12%
Magic:  2/2        EV: 10    Int:  8    God:    Trog [*.....]
Gold:   34         SH:  0    Dex:  8    Spells: 1/1 levels left

rFire   . . .        a - +0 mace
rCold   . . .        (no shield)
rNeg    . . .        b - +0 animal skin
rPois   .            (helmet restricted)
rElec   .            (no cloak)
rCorr   .            (gloves unavailable)
SInv    .            (boots unavailable)
Will    .....        (no amulet) Stlth
                     (no ring)
HPRegen 0.28/turn    (no ring)
MPRegen 0.08/turn

%: no passive effects
@: berserking, lethally poisoned (6 -> -16), very quick
A: large, unfitting armour, tough skin 1
a: Renounce Religion, Berserk


You were on level 1 of the Dungeon.
You worshipped Trog.
Trog was aware of your devotion.
You visited 1 branch of the dungeon, and saw 1 of its levels.

You collected 34 gold pieces.

Inventory:

Hand Weapons
 a - a +0 mace (weapon)
Armour
 b - a +0 animal skin (worn)
Scrolls
 c - a scroll of silence {unknown}
 d - a scroll of noise {unknown}
 e - a scroll of amnesia {unknown}


   Skills:
 + Level 4.2 Fighting
 * Level 3.1 Maces & Flails
 - Level 2.6 Dodging


You had one spell level left.
You didn't know any spells.
Your spell library was empty.

Dungeon Overview and Level Annotations

Branches:
Dungeon (1/15) Zot: 5861

Altars:


Innate Abilities, Weirdness & Mutations

You are too large for most types of armour.
You have tough skin. (AC +1)


Message History

You feel very sick. The bat barely misses you. The endoplasm barely misses you.
The goblin barely misses you. The goblin hits you but does no damage.
You are more poisoned.
The endoplasm hits you but does no damage.
A red film seems to cover your vision as you go berserk!
You feel yourself moving faster!
You feel mighty!
You feel very sick. The bat hits you but does no damage.
The goblin hits you but does no damage.
You are more poisoned.
The endoplasm freezes you.
You are frozen.
You sock the endoplasm!
You kill the endoplasm!
Trog accepts your kill.
You feel very sick. The bat hits you. The goblin misses you.
You barely miss the bat.
You feel very sick. The bat hits you but does no damage.
You are too injured to fight recklessly!
You are too injured to fight recklessly!
You are too injured to fight recklessly!
You are too injured to fight recklessly!
You barely miss the goblin.
You feel very sick.
The goblin hits you with a +0 dagger of venom.
* * * LOW HITPOINT WARNING * * *
You closely miss the goblin.
You feel sick. The bat closely misses you.
The goblin hits you with a +0 dagger of venom.
* * * LOW HITPOINT WARNING * * *
You are lethally poisoned!
You closely miss the goblin.
* * * LOW HITPOINT WARNING * * *
You feel very sick. The bat barely misses you. The goblin barely misses you.
You are too berserk!
You are too berserk!
Unknown command.
You are too berserk!
Unknown command.
You closely miss the goblin.
* * * LOW HITPOINT WARNING * * *
You feel very sick. The bat barely misses you.
The goblin hits you with a +0 dagger of venom.
* * * LOW HITPOINT WARNING * * *
You are more poisoned.
Unknown command.
Are you sure you want to abandon this character and quit the game? (Confirm with "yes".)

.............#
#..###......###.# #..#
#......# #.# #..#
#......# #.# #..#
#......###.## . #..#
#...........# ...####..#
#...........#
.........###...........#
#.....b@...............#
..[...g.########.####†##
#...!...# #.# #.#
........# #.# #.#
......### #.# #.##
....#. #.####..) ....#.
#.......# ... ..
##########.# #....[.#
#.#


You could see a goblin and a bat.

Vanquished Creatures
  2 dart slugs (D:1)
  A bat (D:1)
  An endoplasm (D:1)
  A frilled lizard (D:1)
5 creatures vanquished.

Notes
Turn   | Place    | Note
-------+----------+-------------------------------------------
     0 | D:1      | GeoRichter the Ogre Berserker began the quest for the Orb.
     0 | D:1      | Reached XP level 1. HP: 24/24 MP: 1/1
    88 | D:1      | Reached XP level 2. HP: 32/32 MP: 2/2
   136 | D:1      | Quit the game

Illustrated notes

Levels and vault maps discovered:
D:1:      psy_arrival_heroes, layout_basic, kennysheep_another_room

Skill      XL: |  1 |
---------------+----+-----
Maces & Flails | 3 |  3.1
Fighting       | |  4.2
Dodging        | |  2.6

Action                     || total
---------------------------++-------
  Melee: Mace              ||    18
 Invoke: Berserk           ||     1
 Armour: Animal skin       ||    14
  Dodge: Dodged            ||    18
